AoeStats
← erik12bott

Arabia

509574811Analyzed
2v2 RM · 5d ago on Sep 27, 2026· 49m 52s· 4 players
Game mode
Random Map
Map size
Medium (4 player)
Population
200
Speed
Normal
Resources
Standard
Victory
Conquest
Starting age
Dark Age
Ending age
Imperial Age
RankedLock teamsTeams togetherTeam positionsShared explorationLock speedFull tech treeHidden civsTurbo modeCheats
Victory
Defeat
🇳🇴 Varangians · Norway
1105
+16
🇳🇴 Danes · Norway
1105
+16
1121
-17
🇨🇱 Sicilians · Chile
1071
-15
Definitive Infusion
5:26 Loom
5:39 Loom
8:56 Feudal Age
9:24 Man-at-Arms
11:56 Double-Bit Axe
17:34 Horse Collar
21:38 Castle Age
20:50 Scale Barding Armor
22:56 Chain Barding Armor
23:36 Gold Mining
25:06 Husbandry
26:16 Bow Saw
28:25 Squires
29:00 Heavy Plow
31:15 Scale Mail Armor
33:14 Wheelbarrow
34:39 Chain Mail Armor
36:43 Forging
37:58 Hand Cart
43:14 Imperial Age
40:38 Fletching
41:29 Iron Casting
45:12 Chemistry
44:50 Plate Barding Armor
43:45 Heavy Camel Rider
Hetero Sapiens
3:50 Loom
11:00 Feudal Age
23:18 Fletching
35:09 Castle Age
36:03 Husbandry
36:14 Bloodlines
36:31 Scale Barding Armor
38:13 Chain Barding Armor
38:04 Forging
40:21 Horse Collar
40:27 Double-Bit Axe
42:09 Heavy Plow
43:04 Bow Saw
45:32 Iron Casting
DwarfLord
6:26 Loom
9:57 Feudal Age
9:59 Man-at-Arms
11:15 Arson
17:54 Fletching
17:56 Double-Bit Axe
19:00 Horse Collar
26:03 Castle Age
26:40 Gambesons
26:56 Squires
27:59 Bow Saw
27:50 Heavy Plow
27:45 Gold Mining
28:10 Scale Mail Armor
29:29 Wheelbarrow
28:56 Town Watch
29:22 Pikeman
37:00 Chain Mail Armor
36:56 Forging
39:20 Iron Casting
39:28 Hand Cart
43:11 Stone Mining
43:56 Gold Shaft Mining
46:29 Imperial Age
45:54 Hamask
47:44 Plate Mail Armor
48:14 Blast Furnace
48:34 Hoardings
48:23 Conscription
48:56 Bodkin Arrow
49:40 Halberdier
erik12bott
6:56 Loom
9:59 Feudal Age
15:19 Bloodlines
16:52 Double-Bit Axe
23:50 Castle Age
23:17 Gold Mining
23:11 Horse Collar
23:52 Scale Barding Armor
23:59 Forging
24:19 Pikeman
24:59 Squires
25:24 Husbandry
26:08 Stone Mining
29:12 Chain Barding Armor
30:17 Stone Shaft Mining
29:54 Bow Saw
29:46 Heavy Plow
31:27 Iron Casting
33:33 Wheelbarrow
32:44 Town Watch
33:10 Vendel Legacy
43:26 Imperial Age
41:22 Hand Cart
41:07 Town Patrol
50:23 Plate Barding Armor
50:48 Blast Furnace
Connection lost

Rejoining the realm…

Still unreachable

The connection could not be restored.

Session expired

The server has moved on; the page needs a fresh start.